 Dungeon Crawl Stone Soup version 0.13-a0-2923-g04ac8d1 (webtiles) character file.

668 Econoterrorist the Chopper (level 6, -4/53 HPs)
             Began as a Minotaur Fighter on Sept 2, 2013.
             Slain by Prince Ribbit (14 damage)
             ... on Level 4 of the Dungeon.
             The game lasted 00:15:31 (2934 turns).

Econoterrorist the Chopper (Minotaur Fighter)       Turns: 2934, Time: 00:15:31

HP  -4/53        AC 11     Str 20      XL: 6   Next: 85%
MP   2/2         EV  5     Int  5      God:
Gold 191         SH 20     Dex 12      Spells:  0 memorised,  5 levels left

Res.Fire  : . . .   See Invis. : .   m - +1 dwarf war axe
Res.Cold  : . . .   Warding    : .   p - +0 orc chain mail
Life Prot.: . . .   Conserve   : .   c - +0 shield
Res.Poison: .       Res.Corr.  : .   (helmet restricted)
Res.Elec. : .       Clarity    : .   f - +0 cloak
Sust.Abil.: . .     Spirit.Shd : .   (no gloves)
Res.Mut.  : .       Stasis     : .   (no boots)
Res.Rott. : .       Flight     : .   (no amulet)
Saprovore : . . .                    (no ring)
                                     (no ring)

@: slightly resistant to hostile enchantments, extremely unstealthy
A: retaliatory headbutt, horns 2
a: no special abilities


You were on level 4 of the Dungeon.
You were not hungry.

You visited 1 branch of the dungeon, and saw 4 of its levels.

You collected 171 gold pieces.

Inventory:

Hand weapons
 a - a +0,+0 hand axe {=f}
 m - a +1,+1 dwarven war axe (weapon)
Armour
 c - a +0 shield (worn)
 f - a +0 cloak (worn)
 p - a +0 orcish chain mail (worn)
Comestibles
 b - a meat ration
 d - 4 bread rations
Scrolls
 e - 6 scrolls of identify
 g - 4 scrolls of remove curse
 h - 3 scrolls of random uselessness {unknown}
 i - 2 scrolls of teleportation {unknown}
 j - a scroll of curse armour {unknown}
 k - a scroll of noise {unknown}
 n - a scroll of fog {unknown}
 o - a scroll of curse jewellery {unknown}
Potions
 l - a potion of curing {unknown}


   Skills:
 + Level 4.9 Fighting
 - Level 6.1 Axes
 + Level 5.2 Armour
 - Level 1.0 Dodging
 - Level 0.1 Stealth
 + Level 5.1 Shields


You had 5 spell levels left.
You didn't know any spells.

Dungeon Overview and Level Annotations

Branches:
Dungeon (4/27)
 Temple: D:4-7

Altars:

Annotations:
D:4 Prince Ribbit


Innate Abilities, Weirdness & Mutations

You reflexively headbutt those who attack you in melee.
You have a pair of horns on your head.


Message History

You miss Prince Ribbit.
Prince Ribbit is severely wounded.
Prince Ribbit hits you but does no damage.
Prince Ribbit momentarily phases out as your attack passes through him.
Your headbutt passes through Prince Ribbit as he momentarily phases out.
Prince Ribbit is severely wounded.
Prince Ribbit blinks!
Prince Ribbit hits you!
* * * LOW HITPOINT WARNING * * *
You miss Prince Ribbit. Your headbutt misses Prince Ribbit.
Prince Ribbit is severely wounded.
Prince Ribbit disappears!
There is an open door here.
There is an open door here.
Prince Ribbit blinks!
Prince Ribbit catches a centipede with his tongue.
Prince Ribbit casts a spell.
Prince Ribbit looks slightly unstable.
Prince Ribbit blinks!
Prince Ribbit hits you!
You die...

#.## #.#
###'########
#..
#..........#
##.
#..........#
#..........#
#.ยง.)......#
#...%......+
#..........#
#...@......#
#...F......#
#..........#
######'#####
#..#
######'###
#.)......#
#........#
#........#


You could see Prince Ribbit.

Vanquished Creatures
  2 ogres (D:4)
  A crimson imp (D:4)
  A hound (D:4)
  An iguana (D:3)
  2 worker ants (D:4)
  An ogre skeleton (D:3)
  5 adders
  A giant mite (D:3)
  3 worms
  An iguana skeleton (D:4)
  A giant gecko (D:1)
  4 oozes
  7 orcs (D:3)
  A bat skeleton (D:4)
  4 giant cockroaches
  5 goblins
  7 hobgoblins
  A quokka (D:3)
  2 ball pythons
  7 bats
  8 giant newts
  14 kobolds
  14 rats
93 creatures vanquished.

Notes
Turn   | Place    | Note
--------------------------------------------------------------
     0 | D:1      | Econoterrorist, the Minotaur Fighter, began the quest for the Orb.
     0 | D:1      | Reached XP level 1. HP: 19/19 MP: 0/0
   107 | D:1      | Reached XP level 2. HP: 15/26 MP: 0/0
   321 | D:1      | Reached skill level 1 in Dodging
   809 | D:2      | Reached XP level 3. HP: 30/33 MP: 1/1
   810 | D:2      | Reached skill level 4 in Axes
  1045 | D:2      | Reached XP level 4. HP: 36/39 MP: 1/1
  1117 | D:2      | Reached skill level 5 in Axes
  1980 | D:3      | Reached skill level 6 in Axes
  1980 | D:3      | Reached XP level 5. HP: 38/46 MP: 1/1
  2158 | D:4      | Noticed an ogre
  2183 | D:4      | Killed an ogre
  2187 | D:4      | Reached XP level 6. HP: 29/53 MP: 2/2
  2382 | D:4      | Noticed Prince Ribbit
  2739 | D:4      | Reached skill level 5 in Armour
  2811 | D:4      | Noticed an ogre
  2819 | D:4      | Killed an ogre
  2819 | D:4      | Reached skill level 5 in Shields
  2934 | D:4      | Slain by Prince Ribbit

Action                   |  1- 3 |  4- 6 || total
-------------------------+-------+-------++-------
Melee: Hand axe          |    95 |    16 ||   111
       War axe           |       |   136 ||   136
  Use: Potion            |       |     2 ||     2
       Scroll            |       |     1 ||     1
